 Dungeon Crawl Stone Soup version 0.31.0-1-g2c135a008e (webtiles) character file.

Game seed: 3114282643451552060

415 qw the Shooter (level 7, -4/53 HPs)
             Began as a Djinni Hunter on Jan 24, 2024.
             Slain by an iguana (8 damage)
             ... on level 4 of the Dungeon.
             The game lasted 00:00:14 (2934 turns).

qw the Shooter (Djinni Hunter)                      Turns: 2934, Time: 00:00:14

Health: -4/53      AC:  8    Str: 10    XL:     7   Next: 15%
Gold:   174        EV: 11    Int: 10    God:
                   SH:  0    Dex: 19

rFire   + + +        a - +0 shortbow
rCold   . . .        (shield currently unavailable)
rNeg    . . .        b - +0 ring mail
rPois   inf          c - +2 helmet
rElec   .            g - scarf {rC+ rF+}
rCorr   .            (no gloves)
SInv    .            (boots unavailable)
Will    .....        (no amulet)
Stlth   +            (no ring)
HPRegen 0.28/turn    (no ring)
MPRegen 0.00/turn

%: infuse magic (-5 HP)
@: flying
A: sickness immunity, fire resistance 2, cold vulnerability 1, float, innate
caster, HP casting, extra vitality 1
a: no special abilities


You were on level 4 of the Dungeon.
You visited 1 branch of the dungeon, and saw 4 of its levels.

You collected 174 gold pieces.


Innate Abilities, Weirdness & Mutations

You are immune to sickness and miasma.
You are immune to poison.
Your flesh is very heat resistant. (rF++)
You are vulnerable to cold. (rC-)
You float through the air rather than walking.
You learn spells naturally, not from books.
Your magical power is your life essence.
You have superior vitality. (+4 MHP)


   Skills:
 - Level 4.4 Fighting
 + Level 5.3 Ranged Weapons
 - Level 1.1 Armour
 - Level 3.0 Dodging
 - Level 0.7 Stealth


You knew the following spells:

 Your Spells              Type           Power      Damage    Failure   Level
a - Kiss of Death         Conj/Necr      0%         2d5       67%         1
b - Static Discharge      Conj/Air       0%         3-3/arc   82%         2
c - Momentum Strike       Conj/Tloc      0%         3d8       82%         2
Your spell library was empty.

Inventory:

Hand Weapons
 a - a +0 shortbow (weapon)
Armour
 b - a +0 ring mail (worn)
 c - a +2 helmet (worn)
 g - a scarf of resistance (worn)
Jewellery
 k - a +4 ring of protection
Wands
 h - a wand of iceblast (9)
Scrolls
 j - a scroll of torment {unknown}
 m - a scroll of blinking {unknown}
Potions
 d - a potion of attraction {unknown}
 e - a potion of enlightenment {unknown}
 f - a potion of resistance {unknown}
 i - a potion of curing {unknown}
 l - a potion of heal wounds {unknown}

Dungeon Overview and Level Annotations

Branches:
Dungeon (4/15)
 Temple: D:4-7

Altars:


Message History

The iguana bites you.
You shoot an arrow.
The arrow hits the phantom but does no damage.
The phantom is severely damaged.
The phantom hits you.
The phantom blinks!
You blink.
You shoot an arrow.
The arrow hits the phantom but does no damage.
The phantom is severely damaged.
The phantom barely misses you.
The phantom hits you but does no damage.
You shoot an arrow. The arrow hits the phantom.
The phantom is severely damaged.
The phantom hits you.
The phantom blinks!
You blink.
You shoot an arrow. The arrow hits the phantom.
The phantom is almost destroyed.
The phantom closely misses you.
You shoot an arrow.
The arrow hits the phantom but does no damage.
The phantom is almost destroyed.
The phantom hits you.
The phantom blinks!
You blink.
The phantom hits you but does no damage.
The iguana closely misses you.
You shoot an arrow. The arrow hits the phantom.
The phantom is almost destroyed.
The phantom hits you but does no damage.
The iguana bites you.
You shoot an arrow.
The arrow hits the phantom but does no damage.
The phantom is almost destroyed.
The phantom hits you.
The phantom blinks!
You blink.
You shoot an arrow. The arrow hits the phantom!
You destroy the phantom!
Your Fighting skill increases to level 4!
You have reached level 7!
The power to cast Momentum Strike wells up from within.
Spell assigned to 'c'.
You shoot an arrow. The arrow hits the iguana.
The iguana is almost dead.
The iguana bites you!
You die...

...##.. #..#.#
#...# #..## ###..#
########.)..## #
####...).....)..# .
#...####...).l#....
###.##
#.....@####.. ###
#..# ##.....# ..#
..# #..# #.....# .#
..## #..## #######
# ...###...######
##..###.......#
..#..###..###.#
#.....###.# #.#
####......###.###


You could see an iguana.

Vanquished Creatures
  An ogre (D:4)
  A phantom (D:4)
  A bombardier beetle (D:3)
  2 orc priests
  3 adders
  4 gnolls (D:4)
  A ribbon worm (D:3)
  A dart slug (D:1)
  13 orcs
  2 ball pythons
  6 bats
  9 endoplasms
  9 goblins
  8 hobgoblins
  4 jackals (D:3)
  8 kobolds
  5 quokkas
  3 frilled lizards (D:2)
  4 rats
85 creatures vanquished.

Notes
Turn   | Place    | Note
-------+----------+-------------------------------------------
     0 | D:1      | qw the Djinni Hunter began the quest for the Orb.
     0 | D:1      | Reached XP level 1. HP: 18/18 MP: 0/0
     0 | D:1      | 0 ||| qw: Version: 0.3-a-136-gdd3b4e8
     0 | D:1      | 0 ||| qw: Game counter: 1265
     0 | D:1      | 0 ||| qw: Melee chars always use a shield: true
     0 | D:1      | 0 ||| qw: God list: Okawaru
     0 | D:1      | 0 ||| qw: Allow faded altars: false
     0 | D:1      | 0 ||| qw: Do Orc after clearing Dungeon:15 true
     0 | D:1      | 0 ||| qw: Do second Lair branch before Depths: true
     0 | D:1      | 0 ||| qw: Lair rune preference: random
     0 | D:1      | 0 ||| qw: Goals: Normal
     0 | D:1      | 0 ||| PLANNING D:1-11
   174 | D:1      | Reached XP level 2. HP: 23/23 MP: 0/0
   442 | D:1      | You are sucked into a shaft and drop 1 floor!
   490 | D:2      | Reached skill level 4 in Ranged Weapons
   490 | D:2      | Reached XP level 3. HP: 25/28 MP: 0/0
   490 | D:2      | Learned a level 1 spell: Kiss of Death
   518 | D:2      | 518 ||| UPGRADING to +0 helmet.
   523 | D:2      | 523 ||| READING 4 scrolls labelled GUWNYCWOFAA.
   523 | D:2      | 523 ||| IDENTIFYING sapphire potion
   524 | D:2      | 524 ||| READING 3 scrolls of identify.
   524 | D:2      | 524 ||| IDENTIFYING bubbling emerald potion
   525 | D:2      | 525 ||| READING 2 scrolls of identify.
   525 | D:2      | 525 ||| IDENTIFYING 2 coppery potions
   526 | D:2      | 526 ||| READING scroll of identify.
   526 | D:2      | 526 ||| IDENTIFYING 2 pink potions
   527 | D:2      | 527 ||| READING scroll labelled CEABLE BAQU.
   528 | D:2      | 528 ||| DROPPING scroll of butterflies.
   529 | D:2      | 529 ||| DROPPING 2 potions of brilliance.
   530 | D:2      | 530 ||| DROPPING potion of invisibility.
   531 | D:2      | 531 ||| DROPPING 2 potions of magic.
   532 | D:2      | 532 ||| DROPPING potion of lignification.
   891 | D:1      | 891 ||| UPGRADING to +0 ring mail.
   901 | D:1      | 901 ||| DROPPING +0 leather armour.
  1197 | D:2      | Reached skill level 1 in Armour
  1197 | D:2      | Reached XP level 4. HP: 34/34 MP: 0/0
  1642 | D:2      | 1642 ||| DROPPING +6 ring of intelligence.
  1643 | D:2      | 1643 ||| READING 2 scrolls labelled UXIMNE ZOAJ.
  1648 | D:2      | 1648 ||| READING scroll labelled LOICAOTZIH.
  1688 | D:3      | Reached skill level 3 in Fighting
  1712 | D:3      | 1712 ||| FLEEEEING.
  1720 | D:3      | Reached XP level 5. HP: 19/40 MP: 0/0
  1720 | D:3      | Learned a level 2 spell: Static Discharge
  1723 | D:3      | HP: 10/40 [orc priest/+0 trident (2)]
  1723 | D:3      | HP: 4/40 [orc priest/+0 trident (6)]
  1724 | D:3      | 1724 ||| READING scroll of teleportation.
  2259 | D:3      | 2259 ||| UPGRADING to +2 helmet.
  2269 | D:3      | 2269 ||| UPGRADING to scarf of resistance.
  2274 | D:3      | 2274 ||| DROPPING +0 helmet.
  2282 | D:3      | 2282 ||| READING scroll labelled HOOH FEJENUKLU.
  2283 | D:3      | 2283 ||| READING 2 scrolls labelled HAWICH OSMI.
  2284 | D:3      | 2284 ||| DROPPING scroll of fear.
  2539 | D:4      | Noticed an ogre
  2545 | D:4      | Killed an ogre
  2546 | D:4      | Reached skill level 5 in Ranged Weapons
  2546 | D:4      | Reached XP level 6. HP: 46/46 MP: 0/0
  2555 | D:4      | 2555 ||| FLEEEEING.
  2577 | D:4      | 2577 ||| STAIRDANCE
  2609 | D:4      | 2609 ||| STAIRDANCE
  2615 | D:4      | 2615 ||| STAIRDANCE
  2655 | D:4      | 2655 ||| STAIRDANCE
  2710 | D:4      | 2710 ||| STAIRDANCE
  2724 | D:4      | 2724 ||| STAIRDANCE
  2883 | D:4      | Reached skill level 3 in Dodging
  2897 | D:4      | 2897 ||| RETREEEEATING.
  2898 | D:4      | 2898 ||| RETREEEEATING.
  2899 | D:4      | 2899 ||| RETREEEEATING.
  2900 | D:4      | 2900 ||| RETREEEEATING.
  2901 | D:4      | 2901 ||| RETREEEEATING.
  2928 | D:4      | HP: 11/47 [phantom (4)]
  2932 | D:4      | HP: 3/47 [phantom (4)]
  2934 | D:4      | Reached XP level 7. HP: 4/53 MP: 0/0
  2934 | D:4      | Learned a level 2 spell: Momentum Strike
  2934 | D:4      | Slain by an iguana

Levels and vault maps discovered:
D:1:      elethiomel_arrival_maze, layout_loops_ring, minmay_surrounded
D:2:      minmay_chambers_of_ones, layout_basic, minmay_misc_feat_ornament
D:3:      cheibrodos_pilgrimage, layout_loops_ring
D:4:      layout_rooms, zin_angel

Skill      XL: |  1  2  3  4  5  6 |
---------------+-------------------+-----
Ranged Weapons | 4 5 |  5.3
Armour         | 1 |  1.1
Fighting       | 3 4 |  4.4
Dodging        | 3 |  3.0
Stealth        | |  0.7

Action                     |  1- 3 |  4- 6 |  7- 9 || total
---------------------------+-------+-------+-------++-------
   Fire: Shortbow          |    91 |   266 |     1 ||   358
    Use: Scroll            |     5 |     5 |       ||    10
 Armour: Leather armour    |    52 |       |       ||    52
         Ring mail         |       |   139 |     1 ||   140
  Dodge: Dodged            |    42 |   112 |       ||   154

Table legend:
 A = Non-vault XP
 B = Vault XP
 C = Vault XP percentage of total XP
 D = Non-vault monster count
 E = Vault monster count
 F = Vault count percentage of total count
                 A         B        C        D         E       F
            +---------+---------+-------+---------+---------+-------
      Total |     531 |      63 |  10.6 |      73 |      12 |  14.1
            +---------+---------+-------+---------+---------+-------
        D:1 |      34 |       6 |  15.0 |      18 |       4 |  18.2
        D:2 |      46 |      10 |  17.9 |      14 |       5 |  26.3
        D:3 |     113 |      47 |  29.4 |      27 |       3 |  10.0
        D:4 |     338 |       0 |   0.0 |      14 |       0 |   0.0
            +---------+---------+-------+---------+---------+-------
